Bulldogs vs Wolves (R1)

Created - 31 octobre 2012 at 22:07

Simulating a Pre-Season

Goals
1 2 3 T
Bulldogs 1 1 1 3
Wolves 0 1 3 4
Shots
1 2 3 T
Bulldogs 18 10 9 37
Wolves 13 6 11 30

1st period

1. Bulldogs , Stanislav Chistov 3 (Andrew Ebbett) at 12:50

Penalties :
Dan Fritsche (Min) for Hooking (Minor) at 12:18, Jack Hillen (Syr) for Tripping (Minor) at 12:18, Andreas Nodl (Syr) for Roughing (Minor) at 18:22

2nd period

2. Wolves , Alexander Perezhogin 1 (Dan Fritsche) at 8:11 (PP)
3. Bulldogs , Jonathan Hedstrom 1 (Brett McLean, Ryan Johnson) at 19:31

Penalties :
Andreas Nodl (Syr) for Holding (Minor) at 8:09, Chris Terry (Min) for Holding (Minor) at 10:35, A.J Thelen (Syr) for Hooking (Minor) at 15:26

3rd period

4. Wolves , Alexander Perezhogin 2 (Cody McLeod) at 2:26
5. Wolves , Alexander Perezhogin 3 (Cody McLeod) at 8:23
6. Bulldogs , Andrew Gordon 1 (A.J Thelen, Ryan Johnson) at 9:49
7. Wolves , Nathan Davis 1 (Chris Terry, Jason King) at 17:54

Penalties :
Cody McLeod (Min) for Roughing (Minor) at 2:36, Stanislav Chistov (Syr) for Hooking (Minor) at 2:36, Chris Terry (Min) for Tripping (Minor) at 11:09, Marc Methot (Min) for Tripping (Minor) at 15:39

Goalie Stats

Leland Irving (Syr), 26 saves from 30 shots - (0,867), L, 0-1-0, 59:19 minutes
Jamie Storr (Min), 34 saves from 37 shots - (0,919), W, 2-0-0, 60:00 minutes

Players Stats for Bulldogs

Player Name              G  A  P  +/- PIM S  H  SB GA TA FO     MP     PP MP  PK MP  
------------------------------------------------------------------------------------
A.J Thelen               0  1  1  -2  2   0  0  0  0  0  0/0    17:44   1:53   0:46 
Aaron Ward               0  0  0  -2  0   1  2  2  0  3  0/0    18:24   1:53   1:45 
Andreas Nodl             0  0  0   0  4   2  1  0  0  0  1/1     7:10   0:00   0:00 
Andrei Nazarov           0  0  0   1  0   1  0  0  1  0  1/1    12:33   0:08   0:21 
Andrei Zyuzin            0  0  0   0  0   3  3  1  0  0  0/0    26:51   4:04   2:15 
Andrew Ebbett            0  1  1  -2  0   6  4  0  0  2  23/42  22:39   2:56   2:25 
Andrew Gordon            1  0  1   1  0   1  0  0  0  0  0/0    11:56   0:00   0:00 
Brett McLean             0  1  1   1  0   0  2  1  0  0  0/0    17:31   3:01   0:57 
Brett Skinner            0  0  0   2  0   0  0  0  0  0  0/0     9:41   0:00   0:00 
Brian Willsie            0  0  0   0  0   0  0  0  0  0  0/0     0:00   0:00   0:00 
Christian Hanson         0  0  0   1  0   2  2  0  0  1  5/9    16:02   3:01   0:21 
D.J King                 0  0  0  -3  0   2  2  1  1  0  0/2    19:34   2:56   0:57 
Davis Drewiske           0  0  0   2  0   1  3  0  0  0  0/0    10:40   0:00   0:59 
Fedor Fedorov            0  0  0   0  0   1  2  0  0  0  0/0     7:06   0:00   0:00 
Jack Hillen              0  0  0   0  2   0  0  0  0  0  0/0     5:36   0:00   0:00 
Jay Harrison             0  0  0   0  0   3  4  2  2  2  0/0    26:51   4:04   2:15 
Joe Charlebois           0  0  0   0  0   0  0  0  0  0  0/0     5:04   0:00   0:00 
Jonathan Hedstrom        1  0  1   1  0   3  3  1  0  0  1/1    15:06   3:01   0:00 
Mario Bliznak            0  0  0   0  0   0  0  0  0  0  0/0     0:00   0:00   0:00 
Mathieu Perreault        0  0  0   0  0   0  0  0  0  0  0/0     0:00   0:00   0:00 
Matt Watkins             0  0  0   0  0   0  0  0  0  0  0/0     0:00   0:00   0:00 
Nigel Williams           0  0  0   0  0   0  0  0  0  0  0/0     0:00   0:00   0:00 
Ryan Johnson             0  2  2   1  0   0  0  2  0  0  4/9    12:43   0:00   0:43 
Ryan Potulny             0  0  0   0  0   0  0  0  0  0  0/1     7:06   0:00   0:00 
Stanislav Chistov        1  0  1  -2  2   11 0  3  2  1  0/1    21:40   2:48   2:16 

Players Stats for Wolves

Player Name              G  A  P  +/- PIM S  H  SB GA TA FO     MP     PP MP  PK MP  
------------------------------------------------------------------------------------
Alexander Perezhogin     3  0  3   0  0   6  0  0  2  0  2/6    21:11   2:24   1:37 
Bruno Gervais            0  0  0   2  0   0  1  1  0  1  0/0    25:07   1:34   0:58 
Chris Terry              0  1  1   0  4   0  1  1  0  0  0/0    12:52   0:00   0:00 
Cody McLeod              0  2  2   1  2   3  1  1  1  0  0/0    19:34   2:24   2:17 
Dan Fritsche             0  1  1   0  2   4  1  1  1  0  9/19   18:05   2:12   1:08 
Jason King               0  1  1   0  0   3  3  0  1  0  0/0    13:46   0:58   0:00 
Jeff Finger              0  0  0  -1  0   0  0  0  0  0  0/0    22:00   1:04   3:09 
Kevin Veilleux           0  0  0   0  0   0  1  0  0  1  2/4     9:36   0:48   0:00 
Logan MacMillan          0  0  0   0  0   0  1  0  0  0  0/0     9:10   0:00   0:00 
Marc Methot              0  0  0  -1  2   2  3  0  0  1  0/0    20:47   1:19   1:50 
Matt Beleskey            0  0  0   0  0   0  3  1  0  0  1/2    14:23   1:36   0:29 
Mike Wilson              0  0  0   0  0   0  1  1  0  1  0/0    13:17   0:00   3:09 
Mike Zigomanis           0  0  0   0  0   0  0  0  0  0  5/6     3:36   0:00   0:00 
Milan Bartovic           0  0  0   0  0   3  0  0  2  0  1/4    12:00   0:00   3:12 
Nathan Davis             1  0  1   0  0   2  2  0  1  0  7/9    14:26   1:38   0:00 
Petr Tenkrat             0  0  0   0  0   2  3  0  0  0  5/17   22:22   0:00   3:11 
Philippe Boucher         0  0  0   1  0   4  1  0  1  2  0/0    27:55   2:41   2:48 
Ruslan Salei             0  0  0  -1  0   1  0  2  0  0  0/0     9:53   1:22   0:00 

3 Stars

1 - Alexander Perezhogin (Min)
2 - Jonathan Hedstrom (Syr)
3 - Ryan Johnson (Syr)

Power Play

Bulldogs - 0 on 3 Attempt(s) - 0,00%
Wolves - 1 on 3 Attempt(s) - 33,33%

Penalty Kill

Bulldogs - 2 on 3 Attempt(s) - 66,67% - Score 0 goal in Penalty Kill
Wolves - 3 on 3 Attempt(s) - 100,00% - Score 0 goal in Penalty Kill

Official

Referees : Dwyer Gord and Devorski Paul
Linesman : Jonny Murray and Brad Lazarowich

Game Notes

Mike Zigomanis is injured at 11:29 of 1st period (Back Spasms)
Ruslan Salei is injured at 0:27 of 2nd period (Sprained Left Knee)
Alexander Perezhogin has scored a Hat Trick!

Bulldogs

5 vs 5 Forward 
   Center                   Left Wing                Right Wing               Time % Phy DF OF 
 1 Andrew Ebbett            D.J King                 Stanislav Chistov        40     1   2  2  
 2 Christian Hanson         Brett McLean             Jonathan Hedstrom        30     1   2  2  
 3 Ryan Johnson             Andrei Nazarov           Andrew Gordon            20     1   2  2  
 4 Ryan Potulny             Fedor Fedorov            Andreas Nodl             10     1   2  2  

5 vs 5 Defense 
   Defense                  Defense                                           Time % Phy DF OF 
 1 Jay Harrison             Andrei Zyuzin                                     40     1   2  2  
 2 Aaron Ward               A.J Thelen                                        30     1   2  2  
 3 Brett Skinner            Davis Drewiske                                    20     1   2  2  
 4 Joe Charlebois           Jack Hillen                                       10     1   2  2  

PowerPlay Forward 
   Center                   Left Wing                Right Wing               Time % Phy DF OF 
 1 Andrew Ebbett            D.J King                 Stanislav Chistov        60     1   2  2  
 2 Christian Hanson         Brett McLean             Jonathan Hedstrom        40     1   2  2  

PowerPlay Defense
   Defense                  Defense                                           Time % Phy DF OF 
 1 Jay Harrison             Andrei Zyuzin                                     60     1   2  2  
 2 Aaron Ward               A.J Thelen                                        40     1   2  2  

Penalty Kill 4 Players Forward 
   Center                   Wing                     Time % Phy DF OF 
 1 Andrew Ebbett            Stanislav Chistov        60     1   2  2  
 2 D.J King                 Brett McLean             40     1   2  2  

Penalty Kill 4 Players Defense
   Defense                  Defense                  Time % Phy DF OF 
 1 Jay Harrison             Andrei Zyuzin            60     1   2  2  
 2 Aaron Ward               A.J Thelen               40     1   2  2  

Penalty Kill - 3 Players Forward 
   Forward                                           Time % Phy DF OF 
 1 Andrew Ebbett                                     60     1   2  2  
 2 Stanislav Chistov                                 40     1   2  2  

Penalty Kill - 3 Players Defense
   Defense                  Defense                  Time % Phy DF OF 
 1 Jay Harrison             Andrei Zyuzin            60     1   2  2  
 2 Aaron Ward               A.J Thelen               40     1   2  2  

4 vs 4 Forward 
   Center                   Wing                     Time % Phy DF OF 
 1 Andrew Ebbett            Stanislav Chistov        60     1   2  2  
 2 D.J King                 Brett McLean             40     1   2  2  

4 vs 4 Defense
   Defense                  Defense                  Time % Phy DF OF 
 1 Jay Harrison             Andrei Zyuzin            60     1   2  2  
 2 Aaron Ward               A.J Thelen               40     1   2  2  

Last Minutes Offensive
   Center                   Left Wing                Right Wing               Defense                  Defense                  
   Andrew Ebbett            D.J King                 Stanislav Chistov        Jay Harrison             Andrei Zyuzin            

Last Minutes Defensive
   Center                   Left Wing                Right Wing               Defense                  Defense                  
   Andrew Ebbett            D.J King                 Stanislav Chistov        Jay Harrison             Andrei Zyuzin            

Goaltenders
Starting : Leland Irving            
Backup : Joey MacDonald           

Extra Forwards
Normal : Andrei Nazarov, Andrew Gordon, Ryan Johnson - PP : Andrei Nazarov, Andrew Gordon - PK : Ryan Johnson
Extra Defensemen
Normal : Brett Skinner, Davis Drewiske, Joe Charlebois - PP : Brett Skinner - PK : Davis Drewiske, Joe Charlebois
Penalty Shots
Andrew Ebbett, Stanislav Chistov, D.J King, Brett McLean, Andrei Nazarov

Wolves

5 vs 5 Forward 
   Center                   Left Wing                Right Wing               Time % Phy DF OF 
 1 Mike Zigomanis           Cody McLeod              Alexander Perezhogin     40     1   1  3  
 2 Dan Fritsche             Matt Beleskey            Petr Tenkrat             30     1   1  3  
 3 Nathan Davis             Chris Terry              Jason King               20     1   3  1  
 4 Kevin Veilleux           Logan MacMillan          Milan Bartovic           10     2   2  1  

5 vs 5 Defense 
   Defense                  Defense                                           Time % Phy DF OF 
 1 Ruslan Salei             Philippe Boucher                                  40     1   3  1  
 2 Marc Methot              Jeff Finger                                       30     1   3  1  
 3 Mike Wilson              Bruno Gervais                                     20     2   2  1  
 4 Ruslan Salei             Philippe Boucher                                  10     1   3  1  

PowerPlay Forward 
   Center                   Left Wing                Right Wing               Time % Phy DF OF 
 1 Mike Zigomanis           Cody McLeod              Alexander Perezhogin     60     0   0  5  
 2 Dan Fritsche             Nathan Davis             Matt Beleskey            40     0   0  5  

PowerPlay Defense
   Defense                  Defense                                           Time % Phy DF OF 
 1 Ruslan Salei             Philippe Boucher                                  60     0   2  2  
 2 Bruno Gervais            Marc Methot                                       40     0   2  3  

Penalty Kill 4 Players Forward 
   Center                   Wing                     Time % Phy DF OF 
 1 Milan Bartovic           Petr Tenkrat             60     1   2  2  
 2 Alexander Perezhogin     Mike Zigomanis           40     1   2  2  

Penalty Kill 4 Players Defense
   Defense                  Defense                  Time % Phy DF OF 
 1 Jeff Finger              Mike Wilson              60     1   2  2  
 2 Philippe Boucher         Marc Methot              40     1   2  2  

Penalty Kill - 3 Players Forward 
   Forward                                           Time % Phy DF OF 
 1 Milan Bartovic                                    60     2   3  0  
 2 Petr Tenkrat                                      40     2   3  0  

Penalty Kill - 3 Players Defense
   Defense                  Defense                  Time % Phy DF OF 
 1 Mike Wilson              Jeff Finger              60     2   3  0  
 2 Marc Methot              Ruslan Salei             40     2   3  0  

4 vs 4 Forward 
   Center                   Wing                     Time % Phy DF OF 
 1 Alexander Perezhogin     Mike Zigomanis           60     1   1  3  
 2 Matt Beleskey            Cody McLeod              40     1   1  3  

4 vs 4 Defense
   Defense                  Defense                  Time % Phy DF OF 
 1 Ruslan Salei             Philippe Boucher         60     1   3  1  
 2 Bruno Gervais            Marc Methot              40     1   3  1  

Last Minutes Offensive
   Center                   Left Wing                Right Wing               Defense                  Defense                  
   Mike Zigomanis           Cody McLeod              Alexander Perezhogin     Ruslan Salei             Philippe Boucher         

Last Minutes Defensive
   Center                   Left Wing                Right Wing               Defense                  Defense                  
   Dan Fritsche             Matt Beleskey            Petr Tenkrat             Ruslan Salei             Philippe Boucher         

Goaltenders
Starting : Jamie Storr              
Backup : Julien Ellis             

Extra Forwards
Normal : Alexander Perezhogin, Mike Zigomanis, Petr Tenkrat - PP : Alexander Perezhogin, Mike Zigomanis - PK : Milan Bartovic
Extra Defensemen
Normal : Philippe Boucher, Ruslan Salei, Bruno Gervais - PP : Philippe Boucher - PK : Jeff Finger, Ruslan Salei
Penalty Shots
Dan Fritsche, Petr Tenkrat, Alexander Perezhogin, Mike Zigomanis, Jason King

% Time on Ice - Bulldogs

Lines # - Real PCT - Wanted PCT - Time Play
Normal Forward
1 - 31% - 40% - 14:08
2 - 28% - 30% - 12:38
3 - 25% - 20% - 11:13
4 - 16% - 10% - 7:06
Normal Defense
1 - 38% - 40% - 17:03
2 - 29% - 30% - 13:17
3 - 21% - 20% - 9:41
4 - 11% - 10% - 5:04
PP Forward
1 - 49% - 60% - 2:56
2 - 51% - 40% - 3:01
PP Defense
1 - 68% - 60% - 4:04
2 - 32% - 40% - 1:53
PK Forward
1 - 76% - 60% - 3:03
2 - 24% - 40% - 0:57
PK Defense
1 - 56% - 60% - 2:15
2 - 44% - 40% - 1:45
PK3 Forward
1 - 0% - 60%
2 - 0% - 40%
PK3 Defense
1 - 0% - 60%
2 - 0% - 40%
44 Forward
1 - 88% - 60% - 3:29
2 - 12% - 40% - 0:29
44 Defense
1 - 63% - 60% - 2:29
2 - 37% - 40% - 1:29
Last Minute Offensive  - 1:00
Last Minute Defensive  - 0:00
Total
Forward - 60:00
Defense - 60:00

% Time on Ice - Wolves

Lines # - Real PCT - Wanted PCT - Time Play
Normal Forward
1 - 32% - 40% - 14:30
2 - 21% - 30% - 9:37
3 - 27% - 20% - 12:11
4 - 20% - 10% - 8:48
Normal Defense
1 - 44% - 40% - 19:53
2 - 31% - 30% - 13:47
3 - 19% - 20% - 8:23
4 - 7% - 10% - 3:03
PP Forward
1 - 84% - 60% - 3:22
2 - 16% - 40% - 0:38
PP Defense
1 - 80% - 60% - 3:12
2 - 20% - 40% - 0:48
PK Forward
1 - 73% - 60% - 4:20
2 - 27% - 40% - 1:37
PK Defense
1 - 53% - 60% - 3:09
2 - 47% - 40% - 2:48
PK3 Forward
1 - 0% - 60%
2 - 0% - 40%
PK3 Defense
1 - 0% - 60%
2 - 0% - 40%
44 Forward
1 - 100% - 60% - 3:58
2 - 0% - 40% - 0:00
44 Defense
1 - 78% - 60% - 3:06
2 - 22% - 40% - 0:52
Last Minute Offensive  - 0:00
Last Minute Defensive  - 0:59
Total
Forward - 60:00
Defense - 60:00

Play by Play

1st period


0:01 of 1st period - Andrew Ebbett wins face-off versus Mike Zigomanis in neutral zone.
0:14 of 1st period - Wrist shot by Stanislav Chistov.
0:14 of 1st period - Stopped by Jamie Storr without a rebound.
0:15 of 1st period - Christian Hanson wins face-off versus Dan Fritsche in Wolves zone.
0:16 of 1st period - Slapshot by Aaron Ward.
0:16 of 1st period - Stopped by Jamie Storr with a rebound.
0:26 of 1st period - Slapshot by Dan Fritsche.
0:26 of 1st period - Stopped by Leland Irving without a rebound.
0:27 of 1st period - Nathan Davis wins face-off versus Ryan Johnson in Bulldogs zone.
0:59 of 1st period - Snap shot by Alexander Perezhogin.
0:59 of 1st period - Stopped by Leland Irving with a rebound.
1:31 of 1st period - Ruslan Salei is hit by Aaron Ward and loses puck.
2:57 of 1st period - Slapshot by Milan Bartovic.
2:57 of 1st period - Stopped by Leland Irving with a rebound.
2:59 of 1st period - Backhand shot by Milan Bartovic.
2:59 of 1st period - Stopped by Leland Irving with a rebound.
3:50 of 1st period - Off-side.
3:51 of 1st period - Andreas Nodl wins face-off versus Matt Beleskey in neutral zone.
3:58 of 1st period - Wrist shot by Andreas Nodl.
3:58 of 1st period - Shot Misses the Net.
4:06 of 1st period - Wrist shot by Dan Fritsche.
4:06 of 1st period - Stopped by Leland Irving with a rebound.
4:08 of 1st period - Slapshot by Matt Beleskey.
4:08 of 1st period - Deflect By Petr Tenkrat.
4:08 of 1st period - Shot Misses the Net.
4:08 of 1st period - Puck is out of play.
4:09 of 1st period - Mike Zigomanis wins face-off versus Andrew Ebbett in Bulldogs zone.
4:16 of 1st period - Snap shot by Alexander Perezhogin.
4:16 of 1st period - Deflect By Mike Zigomanis.
4:16 of 1st period - Shot Misses the Net.
4:16 of 1st period - Puck is out of play.
4:17 of 1st period - Mike Zigomanis wins face-off versus Andrew Ebbett in Bulldogs zone.
4:22 of 1st period - Slapshot by Alexander Perezhogin.
4:22 of 1st period - Shot Blocked by Stanislav Chistov.
4:37 of 1st period - Wrist shot by Cody McLeod.
4:37 of 1st period - Stopped by Leland Irving without a rebound.
4:38 of 1st period - Dan Fritsche wins face-off versus Christian Hanson in Bulldogs zone.
5:03 of 1st period - Ruslan Salei is hit by Andrew Ebbett and loses puck.
5:45 of 1st period - Andrei Zyuzin is hit by Marc Methot and loses puck.
7:30 of 1st period - Wrist shot by Stanislav Chistov.
7:30 of 1st period - Stopped by Jamie Storr without a rebound.
7:31 of 1st period - Mike Zigomanis wins face-off versus D.J King in Wolves zone.
7:44 of 1st period - Snap shot by Andrew Ebbett.
7:44 of 1st period - Shot Misses the Net.
7:46 of 1st period - Slapshot by D.J King.
7:46 of 1st period - Stopped by Jamie Storr with a rebound.
7:58 of 1st period - Christian Hanson is hit by Petr Tenkrat and loses puck.
8:20 of 1st period - Off-side.
8:21 of 1st period - Nathan Davis wins face-off versus Ryan Johnson in neutral zone.
8:44 of 1st period - Andrew Gordon is hit by Nathan Davis and loses puck.
8:53 of 1st period - Slapshot by Philippe Boucher.
8:53 of 1st period - Stopped by Leland Irving without a rebound.
8:54 of 1st period - Mike Zigomanis wins face-off versus Andrew Ebbett in Bulldogs zone.
9:07 of 1st period - Slapshot by Cody McLeod.
9:07 of 1st period - Stopped by Leland Irving with a rebound.
9:09 of 1st period - Slapshot by Marc Methot.
9:09 of 1st period - Shot Misses the Net.
9:21 of 1st period - Snap shot by Jonathan Hedstrom.
9:21 of 1st period - Shot Misses the Net.
9:47 of 1st period - Wrist shot by Christian Hanson.
9:47 of 1st period - Shot Misses the Net.
9:49 of 1st period - Snap shot by Andreas Nodl.
9:49 of 1st period - Stopped by Jamie Storr without a rebound.
9:50 of 1st period - Mike Zigomanis wins face-off versus Ryan Potulny in Wolves zone.
10:03 of 1st period - Slapshot by Philippe Boucher.
10:03 of 1st period - Deflect By Alexander Perezhogin.
10:03 of 1st period - Stopped by Leland Irving with a rebound.
10:05 of 1st period - Backhand shot by Philippe Boucher.
10:05 of 1st period - Shot Misses the Net.
10:15 of 1st period - Petr Tenkrat is hit by Jay Harrison and loses puck.
11:02 of 1st period - Mike Wilson is hit by Davis Drewiske and loses puck.
11:13 of 1st period - Milan Bartovic is hit by Jay Harrison and loses puck.
11:28 of 1st period - Mike Zigomanis is hit by Fedor Fedorov.
11:29 of 1st period - Mike Zigomanis from Wolves is injured at 11:29 of 1st period (Back Spasms).
11:30 of 1st period - Andrew Ebbett wins face-off versus Petr Tenkrat in Wolves zone.
11:41 of 1st period - Wrist shot by Andrew Ebbett.
11:41 of 1st period - Shot Misses the Net.
11:55 of 1st period - Andrei Zyuzin is hit by Jason King and loses puck.
12:00 of 1st period - Snap shot by Jason King.
12:00 of 1st period - Stopped by Leland Irving with a rebound.
12:02 of 1st period - Snap shot by Marc Methot.
12:02 of 1st period - Deflect By Jason King.
12:02 of 1st period - Shot Hit the Post.
12:02 of 1st period - Puck is out of play.
12:03 of 1st period - Andrew Ebbett wins face-off versus Dan Fritsche in Bulldogs zone.
12:03 of 1st period - Andrew Ebbett is hit by Matt Beleskey.
12:11 of 1st period - Snap shot by Stanislav Chistov.
12:11 of 1st period - Stopped by Jamie Storr with a rebound.
12:13 of 1st period - Wrist shot by Stanislav Chistov.
12:13 of 1st period - Shot Blocked by Dan Fritsche.
12:17 of 1st period - Wrist shot by Stanislav Chistov.
12:17 of 1st period - Stopped by Jamie Storr with a rebound.
12:18 of 1st period - Minor Penalty to Dan Fritsche for Hooking.
12:18 of 1st period - Minor Penalty to Jack Hillen for Tripping.
12:19 of 1st period - Andrew Ebbett wins face-off versus Alexander Perezhogin in Wolves zone.
12:26 of 1st period - Wrist shot by Stanislav Chistov.
12:26 of 1st period - Stopped by Jamie Storr with a rebound.
12:28 of 1st period - Wrist shot by Jay Harrison.
12:28 of 1st period - Deflect By Andrew Ebbett.
12:28 of 1st period - Stopped by Jamie Storr without a rebound.
12:29 of 1st period - Alexander Perezhogin wins face-off versus Andrew Ebbett in Wolves zone.
12:36 of 1st period - Slapshot by Stanislav Chistov.
12:36 of 1st period - Stopped by Jamie Storr with a rebound.
12:42 of 1st period - Snap shot by Andrew Ebbett.
12:42 of 1st period - Shot Misses the Net.
12:44 of 1st period - Snap shot by Andrew Ebbett.
12:44 of 1st period - Stopped by Jamie Storr without a rebound.
12:45 of 1st period - Andrew Ebbett wins face-off versus Alexander Perezhogin in Wolves zone.
12:46 of 1st period - Wrist shot by Stanislav Chistov.
12:46 of 1st period - Stopped by Jamie Storr without a rebound.
12:47 of 1st period - Andrew Ebbett wins face-off versus Alexander Perezhogin in Wolves zone.
12:50 of 1st period - Snap shot by Stanislav Chistov.
12:50 of 1st period - Goal by Stanislav Chistov - Bulldogs : 1 - Wolves : 0.
12:51 of 1st period - Andrew Ebbett wins face-off versus Alexander Perezhogin in neutral zone.
13:42 of 1st period - Slapshot by D.J King.
13:42 of 1st period - Stopped by Jamie Storr with a rebound.
14:18 of 1st period - Penalty to Dan Fritsche is over, Dan Fritsche is back on ice.
14:18 of 1st period - Penalty to Jack Hillen is over, Jack Hillen is back on ice.
14:34 of 1st period - Snap shot by Alexander Perezhogin.
14:34 of 1st period - Shot Blocked by Aaron Ward.
14:36 of 1st period - Wrist shot by Dan Fritsche.
14:36 of 1st period - Shot Misses the Net.
14:38 of 1st period - Slapshot by Philippe Boucher.
14:38 of 1st period - Shot Misses the Net.
14:40 of 1st period - Wrist shot by Alexander Perezhogin.
14:40 of 1st period - Shot Blocked by Aaron Ward.
14:42 of 1st period - Wrist shot by Ruslan Salei.
14:42 of 1st period - Stopped by Leland Irving with a rebound.
14:44 of 1st period - Snap shot by Ruslan Salei.
14:44 of 1st period - Shot Blocked by Brett McLean.
14:50 of 1st period - Slapshot by Alexander Perezhogin.
14:50 of 1st period - Deflect By Aaron Ward.
14:50 of 1st period - Shot Misses the Net.
14:50 of 1st period - Puck is out of play.
14:51 of 1st period - Ryan Johnson wins face-off versus Nathan Davis in Bulldogs zone.
15:00 of 1st period - Snap shot by Jason King.
15:00 of 1st period - Stopped by Leland Irving without a rebound.
15:01 of 1st period - Nathan Davis wins face-off versus Ryan Johnson in Bulldogs zone.
15:02 of 1st period - Wrist shot by Jason King.
15:02 of 1st period - Shot Blocked by Ryan Johnson.
15:11 of 1st period - Icing by Jay Harrison.
15:12 of 1st period - Dan Fritsche wins face-off versus Ryan Johnson in Bulldogs zone.
15:13 of 1st period - Slapshot by Philippe Boucher.
15:13 of 1st period - Shot Misses the Net.
15:29 of 1st period - Snap shot by Andrew Gordon.
15:29 of 1st period - Shot Misses the Net.
15:31 of 1st period - Slapshot by Andrei Zyuzin.
15:31 of 1st period - Stopped by Jamie Storr with a rebound.
15:33 of 1st period - Snap shot by Andrei Nazarov.
15:33 of 1st period - Shot Misses the Net.
15:35 of 1st period - Slapshot by Jay Harrison.
15:35 of 1st period - Stopped by Jamie Storr without a rebound.
15:36 of 1st period - Petr Tenkrat wins face-off versus Andrew Ebbett in Wolves zone.
16:03 of 1st period - Brett McLean is hit by Kevin Veilleux.
16:27 of 1st period - Slapshot by Philippe Boucher.
16:27 of 1st period - Stopped by Leland Irving without a rebound.
16:28 of 1st period - Ryan Johnson wins face-off versus Petr Tenkrat in Bulldogs zone.
16:41 of 1st period - Slapshot by Andrei Nazarov.
16:41 of 1st period - Shot Blocked by Ruslan Salei.
16:43 of 1st period - Slapshot by Andrei Nazarov.
16:43 of 1st period - Shot Blocked by Ruslan Salei.
17:03 of 1st period - Wrist shot by Andrew Gordon.
17:03 of 1st period - Shot Blocked by Cody McLeod.
17:05 of 1st period - Slapshot by Davis Drewiske.
17:05 of 1st period - Stopped by Jamie Storr without a rebound.
17:06 of 1st period - Nathan Davis wins face-off versus Andrew Ebbett in Wolves zone.
17:33 of 1st period - Bruno Gervais is hit by Jay Harrison and loses puck.
17:40 of 1st period - Wrist shot by Jonathan Hedstrom.
17:40 of 1st period - Stopped by Jamie Storr with a rebound.
17:50 of 1st period - Davis Drewiske is hit by Matt Beleskey and loses puck.
18:03 of 1st period - Mike Wilson is hit by Davis Drewiske and loses puck.
18:22 of 1st period - Minor Penalty to Andreas Nodl for Roughing.
18:23 of 1st period - Andrew Ebbett wins face-off versus Dan Fritsche in Bulldogs zone.
19:02 of 1st period - Stanislav Chistov is hit by Marc Methot and loses puck.

2nd period


0:01 of 2nd period - Dan Fritsche wins face-off versus Andrew Ebbett in neutral zone.
0:22 of 2nd period - Penalty to Andreas Nodl is over, Andreas Nodl is back on ice.
0:26 of 2nd period - Ruslan Salei is hit by Andrew Ebbett and loses puck.
0:27 of 2nd period - Ruslan Salei from Wolves is injured at 0:27 of 2nd period (Sprained Left Knee).
0:28 of 2nd period - Petr Tenkrat wins face-off versus Andrew Ebbett in Wolves zone.
0:35 of 2nd period - Wrist shot by Cody McLeod.
0:35 of 2nd period - Shot Blocked by D.J King.
1:20 of 2nd period - Snap shot by Ryan Johnson.
1:20 of 2nd period - Shot Misses the Net.
1:34 of 2nd period - Philippe Boucher is hit by Andreas Nodl and loses puck.
1:41 of 2nd period - Slapshot by Andreas Nodl.
1:41 of 2nd period - Deflect By Fedor Fedorov.
1:41 of 2nd period - Shot Misses the Net.
1:41 of 2nd period - Puck is out of play.
1:42 of 2nd period - Petr Tenkrat wins face-off versus Andrew Ebbett in Wolves zone.
3:11 of 2nd period - Snap shot by Andrei Zyuzin.
3:11 of 2nd period - Stopped by Jamie Storr without a rebound.
3:12 of 2nd period - Dan Fritsche wins face-off versus Andrew Ebbett in Wolves zone.
3:37 of 2nd period - Snap shot by Jason King.
3:37 of 2nd period - Stopped by Leland Irving with a rebound.
4:22 of 2nd period - Wrist shot by Petr Tenkrat.
4:22 of 2nd period - Stopped by Leland Irving with a rebound.
4:24 of 2nd period - Snap shot by Petr Tenkrat.
4:24 of 2nd period - Shot Blocked by Stanislav Chistov.
5:05 of 2nd period - Alexander Perezhogin is hit by Jonathan Hedstrom and loses puck.
5:12 of 2nd period - Wrist shot by Jonathan Hedstrom.
5:12 of 2nd period - Stopped by Jamie Storr without a rebound.
5:13 of 2nd period - Andrew Ebbett wins face-off versus Nathan Davis in Wolves zone.
5:16 of 2nd period - Wrist shot by Andrew Ebbett.
5:16 of 2nd period - Stopped by Jamie Storr with a rebound.
5:31 of 2nd period - Icing by Andrew Ebbett.
5:32 of 2nd period - Christian Hanson wins face-off versus Dan Fritsche in Bulldogs zone.
7:22 of 2nd period - Wrist shot by Stanislav Chistov.
7:22 of 2nd period - Stopped by Jamie Storr with a rebound.
8:09 of 2nd period - Minor Penalty to Andreas Nodl for Holding.
8:10 of 2nd period - Dan Fritsche wins face-off versus Andrew Ebbett in Bulldogs zone.
8:11 of 2nd period - Wrist shot by Alexander Perezhogin.
8:11 of 2nd period - Goal by Alexander Perezhogin - Bulldogs : 1 - Wolves : 1.
8:12 of 2nd period - Petr Tenkrat wins face-off versus Andrew Ebbett in neutral zone.
8:37 of 2nd period - Jonathan Hedstrom is hit by Jason King and loses puck.
8:42 of 2nd period - Wrist shot by Jason King.
8:42 of 2nd period - Shot Blocked by Jonathan Hedstrom.
8:44 of 2nd period - Snap shot by Jason King.
8:44 of 2nd period - Shot Hit the Post.
8:59 of 2nd period - Off-side.
9:00 of 2nd period - Andrei Nazarov wins face-off versus Kevin Veilleux in neutral zone.
9:05 of 2nd period - Icing by Marc Methot.
9:06 of 2nd period - Ryan Johnson wins face-off versus Kevin Veilleux in Wolves zone.
9:07 of 2nd period - Slapshot by Andrew Gordon.
9:07 of 2nd period - Shot Misses the Net.
9:25 of 2nd period - Slapshot by Jeff Finger.
9:25 of 2nd period - Deflect By Milan Bartovic.
9:25 of 2nd period - Shot Misses the Net.
9:25 of 2nd period - Puck is out of play.
9:26 of 2nd period - Andrew Ebbett wins face-off versus Petr Tenkrat in Bulldogs zone.
9:26 of 2nd period - Andrew Ebbett is hit by Cody McLeod.
10:02 of 2nd period - Jonathan Hedstrom is hit by Chris Terry.
10:35 of 2nd period - Minor Penalty to Chris Terry for Holding.
10:36 of 2nd period - Milan Bartovic wins face-off versus Andrew Ebbett in Wolves zone.
11:14 of 2nd period - Icing by Andrei Zyuzin.
11:15 of 2nd period - Andrew Ebbett wins face-off versus Milan Bartovic in Bulldogs zone.
12:35 of 2nd period - Penalty to Chris Terry is over, Chris Terry is back on ice.
12:48 of 2nd period - Wrist shot by Andreas Nodl.
12:48 of 2nd period - Stopped by Jamie Storr with a rebound.
12:54 of 2nd period - Slapshot by Fedor Fedorov.
12:54 of 2nd period - Stopped by Jamie Storr without a rebound.
12:55 of 2nd period - Ryan Johnson wins face-off versus Petr Tenkrat in Wolves zone.
13:11 of 2nd period - Off-side.
13:12 of 2nd period - Nathan Davis wins face-off versus Christian Hanson in neutral zone.
13:15 of 2nd period - Slapshot by Nathan Davis.
13:15 of 2nd period - Stopped by Leland Irving with a rebound.
14:47 of 2nd period - Backhand shot by Andrew Ebbett.
14:47 of 2nd period - Stopped by Jamie Storr without a rebound.
14:48 of 2nd period - Dan Fritsche wins face-off versus Stanislav Chistov in Wolves zone.
15:20 of 2nd period - Andrei Nazarov is hit by Marc Methot and loses puck.
15:26 of 2nd period - Minor Penalty to A.J Thelen for Hooking.
15:27 of 2nd period - Dan Fritsche wins face-off versus Andrew Ebbett in Bulldogs zone.
15:38 of 2nd period - Wrist shot by Dan Fritsche.
15:38 of 2nd period - Stopped by Leland Irving with a rebound.
15:40 of 2nd period - Slapshot by Bruno Gervais.
15:40 of 2nd period - Shot Misses the Net.
16:40 of 2nd period - Wrist shot by Jason King.
16:40 of 2nd period - Shot Blocked by Ryan Johnson.
16:42 of 2nd period - Snap shot by Marc Methot.
16:42 of 2nd period - Stopped by Leland Irving with a rebound.
17:09 of 2nd period - Icing by Nathan Davis.
17:10 of 2nd period - Nathan Davis wins face-off versus D.J King in Wolves zone.
17:26 of 2nd period - Penalty to A.J Thelen is over, A.J Thelen is back on ice.
18:06 of 2nd period - Icing by Brett McLean.
18:07 of 2nd period - Christian Hanson wins face-off versus Dan Fritsche in Bulldogs zone.
18:07 of 2nd period - Christian Hanson is hit by Petr Tenkrat.
18:20 of 2nd period - Jay Harrison is hit by Matt Beleskey and loses puck.
18:31 of 2nd period - Bruno Gervais is hit by Andrei Zyuzin and loses puck.
18:48 of 2nd period - Aaron Ward is hit by Logan MacMillan and loses puck.
18:57 of 2nd period - Mike Wilson is hit by Andrew Ebbett and loses puck.
19:14 of 2nd period - Nathan Davis is hit by Fedor Fedorov and loses puck.
19:31 of 2nd period - Snap shot by Jonathan Hedstrom.
19:31 of 2nd period - Goal by Jonathan Hedstrom - Bulldogs : 2 - Wolves : 1.
19:32 of 2nd period - Andrew Ebbett wins face-off versus Petr Tenkrat in neutral zone.
19:35 of 2nd period - Wrist shot by Andrew Ebbett.
19:35 of 2nd period - Shot Misses the Net.
19:37 of 2nd period - Snap shot by Andrew Ebbett.
19:37 of 2nd period - Stopped by Jamie Storr with a rebound.
19:39 of 2nd period - Snap shot by D.J King.
19:39 of 2nd period - Shot Misses the Net.
19:41 of 2nd period - Snap shot by Stanislav Chistov.
19:41 of 2nd period - Stopped by Jamie Storr with a rebound.

3rd period


0:01 of 3rd period - Andrew Ebbett wins face-off versus Petr Tenkrat in neutral zone.
0:04 of 3rd period - Slapshot by Aaron Ward.
0:04 of 3rd period - Shot Blocked by Bruno Gervais.
0:26 of 3rd period - Philippe Boucher is hit by Jonathan Hedstrom and loses puck.
0:33 of 3rd period - Snap shot by Nathan Davis.
0:33 of 3rd period - Shot Misses the Net.
0:42 of 3rd period - Icing by Milan Bartovic.
0:43 of 3rd period - Kevin Veilleux wins face-off versus Andrew Ebbett in Wolves zone.
0:59 of 3rd period - Marc Methot is hit by Andrei Zyuzin and loses puck.
1:13 of 3rd period - Backhand shot by Milan Bartovic.
1:13 of 3rd period - Stopped by Leland Irving with a rebound.
1:21 of 3rd period - Milan Bartovic is hit by Christian Hanson and loses puck.
1:34 of 3rd period - Wrist shot by Alexander Perezhogin.
1:34 of 3rd period - Shot Misses the Net.
2:14 of 3rd period - Icing by Dan Fritsche.
2:15 of 3rd period - Andrew Ebbett wins face-off versus Dan Fritsche in Wolves zone.
2:26 of 3rd period - Snap shot by Alexander Perezhogin.
2:26 of 3rd period - Goal by Alexander Perezhogin - Bulldogs : 2 - Wolves : 2.
2:27 of 3rd period - Andrew Ebbett wins face-off versus Petr Tenkrat in neutral zone.
2:30 of 3rd period - Slapshot by Jay Harrison.
2:30 of 3rd period - Shot Blocked by Mike Wilson.
2:33 of 3rd period - Icing by Mike Wilson.
2:34 of 3rd period - Andrew Ebbett wins face-off versus Petr Tenkrat in Wolves zone.
2:34 of 3rd period - Jay Harrison is hit by Mike Wilson and loses puck.
2:36 of 3rd period - Minor Penalty to Cody McLeod for Roughing.
2:36 of 3rd period - Minor Penalty to Stanislav Chistov for Hooking.
2:37 of 3rd period - Alexander Perezhogin wins face-off versus Andrew Ebbett in Wolves zone.
2:44 of 3rd period - Snap shot by Philippe Boucher.
2:44 of 3rd period - Stopped by Leland Irving with a rebound.
2:46 of 3rd period - Wrist shot by Alexander Perezhogin.
2:46 of 3rd period - Shot Blocked by Jay Harrison.
2:48 of 3rd period - Wrist shot by Alexander Perezhogin.
2:48 of 3rd period - Stopped by Leland Irving with a rebound.
3:02 of 3rd period - Bruno Gervais is hit by Andrei Zyuzin and loses puck.
4:07 of 3rd period - Matt Beleskey is hit by Christian Hanson and loses puck.
4:36 of 3rd period - Penalty to Cody McLeod is over, Cody McLeod is back on ice.
4:36 of 3rd period - Penalty to Stanislav Chistov is over, Stanislav Chistov is back on ice.
5:06 of 3rd period - Milan Bartovic is hit by D.J King and loses puck.
5:19 of 3rd period - Christian Hanson is hit by Jason King and loses puck.
6:50 of 3rd period - Wrist shot by Andrei Nazarov.
6:50 of 3rd period - Stopped by Jamie Storr without a rebound.
6:51 of 3rd period - Christian Hanson wins face-off versus Dan Fritsche in Wolves zone.
6:58 of 3rd period - Matt Beleskey is hit by Aaron Ward and loses puck.
7:35 of 3rd period - Off-side.
7:36 of 3rd period - Kevin Veilleux wins face-off versus Andrew Ebbett in neutral zone.
8:01 of 3rd period - Brett McLean is hit by Petr Tenkrat.
8:05 of 3rd period - Slapshot by Cody McLeod.
8:05 of 3rd period - Shot Misses the Net.
8:07 of 3rd period - Slapshot by Philippe Boucher.
8:07 of 3rd period - Stopped by Leland Irving with a rebound.
8:09 of 3rd period - Slapshot by Philippe Boucher.
8:09 of 3rd period - Shot Misses the Net.
8:11 of 3rd period - Backhand shot by Philippe Boucher.
8:11 of 3rd period - Deflect By Petr Tenkrat.
8:11 of 3rd period - Stopped by Leland Irving without a rebound.
8:12 of 3rd period - Andrew Ebbett wins face-off versus Petr Tenkrat in Bulldogs zone.
8:23 of 3rd period - Wrist shot by Alexander Perezhogin.
8:23 of 3rd period - Goal by Alexander Perezhogin - Bulldogs : 2 - Wolves : 3.
8:24 of 3rd period - Andrew Ebbett wins face-off versus Dan Fritsche in neutral zone.
8:31 of 3rd period - Jay Harrison is hit by Bruno Gervais and loses puck.
8:36 of 3rd period - Slapshot by Dan Fritsche.
8:36 of 3rd period - Stopped by Leland Irving with a rebound.
8:38 of 3rd period - Wrist shot by Matt Beleskey.
8:38 of 3rd period - Deflect By Petr Tenkrat.
8:38 of 3rd period - Shot Blocked by Jay Harrison.
8:38 of 3rd period - Puck is out of play.
8:39 of 3rd period - Petr Tenkrat wins face-off versus Christian Hanson in Bulldogs zone.
8:46 of 3rd period - Wrist shot by Alexander Perezhogin.
8:46 of 3rd period - Deflect By Cody McLeod.
8:46 of 3rd period - Shot Blocked by Andrei Zyuzin.
8:46 of 3rd period - Puck is out of play.
8:47 of 3rd period - Christian Hanson wins face-off versus Petr Tenkrat in Bulldogs zone.
8:54 of 3rd period - Wrist shot by Christian Hanson.
8:54 of 3rd period - Stopped by Jamie Storr without a rebound.
8:55 of 3rd period - Dan Fritsche wins face-off versus Andrew Ebbett in Wolves zone.
8:55 of 3rd period - Dan Fritsche is hit by Andrew Ebbett.
9:00 of 3rd period - Marc Methot is hit by D.J King and loses puck.
9:21 of 3rd period - Dan Fritsche is hit by Jay Harrison and loses puck.
9:43 of 3rd period - Snap shot by Andrew Gordon.
9:43 of 3rd period - Shot Misses the Net.
9:49 of 3rd period - Wrist shot by Andrew Gordon.
9:49 of 3rd period - Goal by Andrew Gordon - Bulldogs : 3 - Wolves : 3.
9:50 of 3rd period - Andrew Ebbett wins face-off versus Petr Tenkrat in neutral zone.
10:05 of 3rd period - Wrist shot by Cody McLeod.
10:05 of 3rd period - Stopped by Leland Irving with a rebound.
10:15 of 3rd period - Chris Terry is hit by Jonathan Hedstrom and loses puck.
10:20 of 3rd period - Snap shot by Christian Hanson.
10:20 of 3rd period - Stopped by Jamie Storr without a rebound.
10:21 of 3rd period - Dan Fritsche wins face-off versus Christian Hanson in Wolves zone.
10:28 of 3rd period - Wrist shot by Marc Methot.
10:28 of 3rd period - Stopped by Leland Irving with a rebound.
11:08 of 3rd period - Snap shot by Andrei Nazarov.
11:08 of 3rd period - Shot Blocked by Chris Terry.
11:09 of 3rd period - Minor Penalty to Chris Terry for Tripping.
11:10 of 3rd period - Andrew Ebbett wins face-off versus Milan Bartovic in Wolves zone.
11:17 of 3rd period - Slapshot by Stanislav Chistov.
11:17 of 3rd period - Stopped by Jamie Storr with a rebound.
11:19 of 3rd period - Wrist shot by Stanislav Chistov.
11:19 of 3rd period - Shot Misses the Net.
11:21 of 3rd period - Wrist shot by Stanislav Chistov.
11:21 of 3rd period - Shot Misses the Net.
11:23 of 3rd period - Slapshot by Jay Harrison.
11:23 of 3rd period - Deflect By Milan Bartovic.
11:23 of 3rd period - Stopped by Jamie Storr with a rebound.
11:25 of 3rd period - Slapshot by Jay Harrison.
11:25 of 3rd period - Stopped by Jamie Storr with a rebound.
11:35 of 3rd period - Jeff Finger is hit by Brett McLean and loses puck.
13:09 of 3rd period - Penalty to Chris Terry is over, Chris Terry is back on ice.
13:37 of 3rd period - Andrei Nazarov is hit by Nathan Davis and loses puck.
15:16 of 3rd period - Icing by Christian Hanson.
15:17 of 3rd period - Jonathan Hedstrom wins face-off versus Petr Tenkrat in Bulldogs zone.
15:24 of 3rd period - Snap shot by Dan Fritsche.
15:24 of 3rd period - Shot Misses the Net.
15:39 of 3rd period - Minor Penalty to Marc Methot for Tripping.
15:40 of 3rd period - Andrew Ebbett wins face-off versus Milan Bartovic in Wolves zone.
17:16 of 3rd period - Slapshot by Andrei Zyuzin.
17:16 of 3rd period - Stopped by Jamie Storr without a rebound.
17:17 of 3rd period - Andrew Ebbett wins face-off versus Dan Fritsche in Wolves zone.
17:39 of 3rd period - Penalty to Marc Methot is over, Marc Methot is back on ice.
17:46 of 3rd period - Snap shot by Jason King.
17:46 of 3rd period - Shot Misses the Net.
17:50 of 3rd period - Snap shot by Nathan Davis.
17:50 of 3rd period - Shot Blocked by Stanislav Chistov.
17:52 of 3rd period - Wrist shot by Chris Terry.
17:52 of 3rd period - Shot Misses the Net.
17:54 of 3rd period - Backhand shot by Nathan Davis.
17:54 of 3rd period - Goal by Nathan Davis - Bulldogs : 3 - Wolves : 4.
17:55 of 3rd period - Nathan Davis wins face-off versus Ryan Johnson in neutral zone.
18:01 of 3rd period - A.J Thelen is hit by Philippe Boucher and loses puck.
18:30 of 3rd period - Philippe Boucher is hit by Davis Drewiske and loses puck.
18:55 of 3rd period - Nathan Davis is hit by Brett McLean and loses puck.
19:08 of 3rd period - Andrei Zyuzin is hit by Dan Fritsche and loses puck.
19:19 of 3rd period - Bulldogs, Leland Irving is pulled from the net.
19:29 of 3rd period - Wrist shot by Andrew Ebbett.
19:29 of 3rd period - Stopped by Jamie Storr without a rebound.
19:30 of 3rd period - Brent Sutter call a timeout for Bulldogs.
19:30 of 3rd period - Matt Beleskey wins face-off versus Andrew Ebbett in Wolves zone.
19:34 of 3rd period - Off-side.
19:35 of 3rd period - Andrew Ebbett wins face-off versus Dan Fritsche in neutral zone.
19:41 of 3rd period - Wrist shot by D.J King.
19:41 of 3rd period - Shot Blocked by Matt Beleskey.
19:57 of 3rd period - Snap shot by Andrew Ebbett.
19:57 of 3rd period - Shot Misses the Net.


Output by the SimonT Hockey Simulator (STHS) for François Prévost -- Original Page W3C XHTML 1.0 Valid
Hockey Simulator - Hockey Simulation - Hockey Manager